Unix NetHack Version 5.0.0-0 post-release - last build May 31 2026 23:59:36 (970b52f25bf058293b47ddfd14a1e40e571c508c,branch:main).

Game began 2026-05-30 05:01:29, ended 2026-06-03 00:24:17.

Gtea, neutral male human Ranger

       ----    ---        ----
       |..------.-----   --..|
       |.............|   |...|                  $
       ------........|   |...--
           |0.......-| ---....|
           |.........| |......--
           --..--...-- |.......--
            |.--|...| ---.|.....|
          ---.--|...---...|-).---
          |....--...)|..---|[.|
          |...........[-- --.--
          -............|  |..|
         -......|....---  |l--                                         $
       |......-----%%|    |r|
       |......|  --.%|    |:|
       --.....|  |...--   |.|         ---
        ...--.|  --..^|  --G|         ..--- --
       ...- ---   --..|  |p@--      .........|   --
       |.          ----  |GFi---- ................
       --                ---.q.........|
                           -------------
Gtea the Lookout             St:15 Dx:10 Co:14 In:14 Wi:13 Ch:8  Neutral
Dlvl:4  $:25 HP:0(39) Pw:17(17) AC:6  Xp:5 T:1462  Satiated

Latest messages:
 The little dog bites!
 The little dog strikes at your displaced image and misses you!
 The little dog strikes at your displaced image and misses you!
 b - a +1 bow (weapon in right hand).
 a - a +2 dagger (alternate weapon; not wielded).
 In what direction?
 You kill the little dog!
 You see here a +2 arrow.
 c - a +2 arrow (in quiver) (48 in total).
 What do you want to read? [GH or ?*]
 As you read the scroll, it disappears.
 You feel very greedy, and sense gold!
 (For instructions type a '?')
 Move cursor to gold:
 Done.
 What do you want to read? [H or ?*]
 As you read the scroll, it disappears.
 An imp suddenly appears next to you!
 A gnome lady suddenly appears next to you!
 A rock piercer suddenly appears next to you!
 A grid bug suddenly appears next to you!
 A lichen suddenly appears next to you!
 A gecko suddenly appears close by!
 A rothe suddenly appears close by!
 A gnome lady suddenly appears close by!
 A gecko suddenly appears close by!
 A rock mole suddenly appears close by!
 A leprechaun suddenly appears close by!
 What do you want to throw? [$acd or ?*]
 Never mind.
 The grappling hook welds itself to your dominant right hand!
 The gnome lady misses the grid bug.
 The grid bug misses!
 The gnome lady hits!
 The imp hits!
 Your grappling hook is welded to your hand!
 You begin bashing monsters with your grappling hook.
 You hit the grid bug.
 The lichen strikes at your displaced image and misses you!
 The grid bug bites!
 You get zapped!
 The imp just misses!
 You kill the grid bug!
 The gnome lady hits!
 You die...
 Do you want your possessions identified? [ynq] (y)
 Do you want to see your attributes? [ynq] (y)
 Do you want an account of creatures vanquished? [ynaq] (y)
 Do you want to see your conduct and achievements? [ynq] (y)
 Do you want to see the dungeon overview? [ynq] (y)

Inventory:
 Coins    ('$')
  $ - 25 gold pieces
 Weapons  (')')
  c - 48 +2 arrows (in quiver)
  d - 42 +0 arrows
  b - a +1 bow
  a - a +2 dagger (alternate weapon; not wielded)
 Armor    ('[')
  D - a blessed +0 dwarvish iron helm
  x - an uncursed +0 pair of iron shoes
  E - an uncursed +0 pair of iron shoes
  F - an uncursed rustproof +0 dwarvish roundshield
  e - an uncursed +3 cloak of displacement (being worn)
 Comestibles  ('%')
  f - 4 uncursed cram rations
  A - an uncursed garter snake corpse
 Rings    ('=')
  u - a cursed -1 ring of gain constitution (on right hand)
 Wands    ('/')
  I - a wand of striking (0:7)
  w - a wand of striking (0:5)
 Tools    ('(')
  z - an uncursed oilskin sack containing 1 item
  o - a blessed brass lantern
  t - a cursed +0 grappling hook (weapon in right hand)
  v - an uncursed magic whistle
  J - an uncursed wax candle
 Gems/Stones  ('*')
  r - an uncursed fluorite stone
  p - an uncursed garnet stone
  s - an uncursed worthless piece of violet glass
  B - an uncursed worthless piece of yellowish brown glass

Contents of the oilskin sack:
  an uncursed worthless piece of blue glass

Gtea the Ranger's attributes:

Background:
 You were a Lookout, a level 5 male human Ranger.
 You were neutral, nominally on a mission for Venus
 who was opposed by Mercury (lawful) and Mars (chaotic).
 You were right-handed.
 You were in the Gnomish Mines, on level 4.
 You entered the dungeon 1462 turns ago.
 It was the midnight hour.
 There was a full moon in effect when your adventure ended.
 You had 253 experience points, 67 more were needed to attain level 6.

Basics:
 You had 0 out of 39 hit points.
 You had all 17 energy points (spell power).
 Your armor class was 6.
 Your wallet contained 25 zorkmids.
 Autopickup was off.

Final Characteristics:
 Your strength was 15 (limit:18/100).
 Your dexterity was 10 (limit:18).
 Your constitution was 14 (base:15, limit:18).
 Your intelligence was 14 (limit:18).
 Your wisdom was 13 (limit:18).
 Your charisma was 8 (limit:18).

Final Status:
 You were satiated.
 You were unencumbered.
 You were wielding a hook.
 You were unskilled in flail.

Final Attributes:
 You were devoutly aligned.
 You had automatic searching.
 You were displaced.
 You were warded.
 You were lucky.
 You are dead.

Miscellaneous:
 You didn't encounter any bones levels.
 Total elapsed playing time was 32 minutes and 44 seconds.

Major events:
 Turn
    1: Gtea the neutral male human Ranger entered the dungeon
  638: entered the Gnomish Mines
  936: attained the rank of Lookout (level 3)
 1462: killed by a gnome lady

You didn't know any spells.

Skills:
 Fighting Skills
   bare handed combat [Unskilled]
   riding             [Unskilled]
 Weapon Skills
   dagger             [Basic]
   knife              [Unskilled]
   axe                [Unskilled]
   pick-axe           [Unskilled]
   short sword        [Unskilled]
   morning star       [Unskilled]
   flail              [Unskilled]
   hammer             [Unskilled]
   quarterstaff       [Unskilled]
   polearms           [Unskilled]
   spear              [Unskilled]
   trident            [Unskilled]
   bow                [Basic]
   sling              [Unskilled]
   crossbow           [Unskilled]
   dart               [Unskilled]
   shuriken           [Unskilled]
   boomerang          [Unskilled]
   whip               [Unskilled]
 Spellcasting Skills
   healing spells     [Unskilled]
   divination spells  [Unskilled]
   escape spells      [Unskilled]

Voluntary challenges:
 Character rerolling was not enabled.
 You were an atheist.
 You never genocided any monsters.
 You never polymorphed an object.
 You never changed form.
 You used no wishes.
Achievements:
 You entered the Gnomish Mines.
 You attained the rank of Lookout.

 The Dungeons of Doom: levels 1 to 3
    Level 1:
    Level 2:
       A fountain.
       Stairs down to The Gnomish Mines.
    Level 3:
 The Gnomish Mines: levels 3 to 4
    Level 3:
    Level 4: <- You were here.
       Final resting place for
          you, killed by a gnome lady.


Vanquished creatures:
  3 gnome leaders
  a gnomish wizard
  a little dog
  4 dwarves
  a dwarf zombie
 15 gnomes
  a garter snake
  5 jackals
  2 foxes
  2 goblins
  6 grid bugs
  a lichen
  7 newts
49 creatures vanquished.

No species were genocided or became extinct.

Game over:
                       ----------
                      /          \
                     /    REST    \
                    /      IN      \
                   /     PEACE      \
                  /                  \
                  |       Gtea       |
                  |      25 Au       |
                  |   killed by a    |
                  |    gnome lady    |
                  |                  |
                  |                  |
                  |       2026       |
                 *|     *  *  *      | *
        _________)/\\_//(\/(/\)/\//\/|_)_______

Goodbye Gtea the Ranger...

You died in The Gnomish Mines on dungeon level 4 with 1235 points,
and 25 pieces of gold, after 1462 moves.
You were level 5 with a maximum of 39 hit points when you died.

